Map: Orbital Shipyard

Players

MCanning - Winner!

  • Race: Protoss Protoss
  • League: Grandmaster

dipwood

  • Race: Protoss Protoss
  • League: Master

VOD

http://www.twitch.tv/mcanning/v/33124982

Description

Time

  • Played on: Jan. 2, 2016, 3:49 a.m.
  • Length: 10:56
Show
View Real Time Build Order
Export as new Build Order

MCanning Protoss - Winner!

Build Orders:  

Get SALT Encoding   

  12  0:01  Probe (Chrono Boost)  
  13  0:11  Probe (Chrono Boost)  
  14  0:18  Pylon  
  14  0:22  Probe (Chrono Boost)  
  15  0:36  Probe (Chrono Boost)  
  15  0:37  Gateway  
  16  0:46  Probe (Chrono Boost)  
  16  0:47  Assimilator  
  17  0:51  Assimilator  
  18  0:57  Probe (Chrono Boost)  
  18  1:07  Probe (Chrono Boost)  
  18  1:11  Gateway  
  19  1:18  Probe (Chrono Boost)  
  20  1:24  Cybernetics Core  
  20  1:29  Probe (Chrono Boost)  
  21  1:41  Probe (Chrono Boost), Pylon  
  22  1:52  Probe (Chrono Boost)  
  27  2:02  Adept x2 (Chrono Boost)  
  27  2:25  Nexus  
  27  2:32  Probe (Chrono Boost)  
  28  2:39  Warp Gate  
  28  2:43  Mothership Core (Chrono Boost)  
  30  2:51  Pylon  
  30  3:01  Probe (Chrono Boost)  
  31  3:10  Stalker, Sentry  
  31  3:11  Probe (Chrono Boost)  
  36  3:22  Probe (Chrono Boost)  
  36  3:25  Twilight Council  
  37  3:32  Probe (Chrono Boost)  
  38  3:37  Stalker, Probe (Chrono Boost)  
  41  3:43  Probe (Chrono Boost)  
  41  3:48  Probe (Chrono Boost)  
  42  3:51  Robotics Facility  
  41  4:00  Probe (Chrono Boost)  
  37  4:05  Pylon  
  37  4:06  Probe (Chrono Boost)  
  38  4:10  Probe (Chrono Boost)  
  38  4:17  Probe (Chrono Boost)  
  40  4:21  Probe (Chrono Boost)  
  41  4:27  Probe (Chrono Boost)  
  44  4:31  Probe (Chrono Boost)  
  44  4:36  Probe (Chrono Boost)  
  42  4:39  Observer (Chrono Boost), Blink (Chrono Boost)  
  42  4:42  Probe  
  44  4:45  Stalker  
  44  4:46  Stalker  
  44  4:47  Probe  
  49  4:54  Probe  
  49  4:57  Probe, Observer (Chrono Boost)  
  50  5:06  Probe  
  51  5:08  Probe  
  52  5:18  Probe x2  
  54  5:27  Nexus  
  54  5:29  Probe  
  54  5:30  Probe  
  54  5:34  Templar Archives  
  55  5:36  Stalker  
  55  5:39  Probe  
  57  5:43  Stalker  
  57  5:48  Probe  
  57  5:49  Assimilator  
  60  5:50  Probe  
  60  5:53  Assimilator  
  61  6:00  Probe  
  62  6:04  Pylon  
  62  6:07  Dark Shrine  
  62  6:08  Gateway  
  62  6:09  Probe  
  62  6:13  Stalker  
  62  6:15  Probe  
  59  6:20  Probe (Chrono Boost)  
  60  6:27  Probe (Chrono Boost), Pylon  
  60  6:30  Pylon  
  60  6:32  Probe (Chrono Boost)  
  62  6:35  Gateway  
  62  6:38  Probe (Chrono Boost)  
  63  6:42  Probe (Chrono Boost)  
  64  6:47  High Templar x2  
  64  6:48  Probe (Chrono Boost), Pylon  
  64  6:53  Probe (Chrono Boost)  
  70  6:59  Probe (Chrono Boost)  
  70  7:03  Probe (Chrono Boost), Forge  
  70  7:08  Pylon  
  71  7:09  Probe (Chrono Boost)  
  71  7:10  Pylon  
  71  7:14  Probe (Chrono Boost)  
  73  7:19  Dark Templar  
  73  7:20  Probe (Chrono Boost)  
  75  7:22  Dark Templar  
  75  7:24  Probe (Chrono Boost)  
  75  7:26  Dark Templar  
  80  7:30  Probe (Chrono Boost)  
  80  7:35  Probe (Chrono Boost)  
  82  7:41  Probe (Chrono Boost)  
  82  7:43  Photon Cannon  
  83  7:45  Probe (Chrono Boost)  
  83  7:46  Photon Cannon  
  83  7:50  High Templar  
  86  7:51  Probe (Chrono Boost)  
  86  7:53  Gateway  
  86  7:55  Gateway  
  86  7:56  Gateway  
  87  7:59  Probe (Chrono Boost)  
  87  8:02  Probe (Chrono Boost)  
  89  8:09  Probe (Chrono Boost)  
  91  8:12  Probe (Chrono Boost)  
  91  8:14  Pylon  
  91  8:15  Photon Cannon  
  91  8:16  Pylon  
  91  8:20  Pylon  
  91  8:25  Pylon  
  91  8:29  Dark Templar x2  
  91  8:31  Probe (Chrono Boost)  
  91  8:33  Probe (Chrono Boost)  
  96  8:35  Protoss Ground Weapons Level 1 (Chrono Boost), Assimilator  
  96  8:40  Assimilator  
  97  8:44  Probe  
  97  8:48  Stalker x2  
  102  8:50  Probe  
  102  8:54  Probe  
  101  8:59  Psionic Storm, Warp Prism (Chrono Boost)  
  104  9:12  Probe  
  105  9:17  Probe  
  105  9:20  Stalker x2  
  105  9:21  Stalker  
  112  9:27  Photon Cannon  
  112  9:29  Pylon  
  110  9:38  Stalker x4  
  116  9:48  Gateway  
  116  9:49  Gateway, Nexus  
  116  9:51  Gateway, Pylon  
  116  9:52  Pylon  
  116  9:54  Pylon  
  116  9:58  Stalker  
  116  9:59  Stalker x2  
  118  10:01  Stalker x3  
  118  10:05  Dark Templar  
  126  10:19  Photon Cannon  
  126  10:21  Photon Cannon  
  126  10:23  Dark Templar x2  
  126  10:24  Dark Templar  
  126  10:25  Dark Templar  
  126  10:27  Observer (Chrono Boost)  
  135  10:34  Probe  
  128  10:50  Stalker  
  128  10:51  Stalker x2  
Show
View Real Time Build Order
Export as new Build Order

dipwood Protoss 

Build Orders: 1 Gate Expand, Oracle Opening, Phoenix Opening 

Get SALT Encoding   

  12  0:02  Probe (Chrono Boost)  
  13  0:12  Probe (Chrono Boost)  
  14  0:18  Pylon  
  14  0:24  Probe (Chrono Boost)  
  15  0:37  Gateway  
  15  0:39  Assimilator  
  15  0:43  Probe (Chrono Boost)  
  16  0:54  Probe (Chrono Boost)  
  17  1:04  Probe (Chrono Boost)  
  18  1:19  Nexus  
  18  1:29  Cybernetics Core  
  18  1:33  Probe (Chrono Boost)  
  19  1:40  Assimilator  
  19  1:45  Probe (Chrono Boost)  
  20  1:54  Pylon  
  20  1:58  Probe (Chrono Boost)  
  21  2:09  Mothership Core (Chrono Boost)  
  21  2:12  Adept  
  25  2:27  Probe (Chrono Boost)  
  26  2:30  Stargate  
  26  2:34  Pylon  
  27  2:37  Probe (Chrono Boost)  
  27  2:42  Adept  
  29  2:46  Probe (Chrono Boost)  
  29  2:48  Warp Gate  
  30  2:53  Probe (Chrono Boost)  
  32  2:58  Probe (Chrono Boost)  
  31  3:08  Pylon  
  30  3:18  Oracle (Chrono Boost)  
  32  3:23  Adept  
  34  3:33  Probe  
  34  3:34  Probe  
  36  3:46  Probe  
  37  3:50  Phoenix (Chrono Boost)  
  36  4:03  Probe  
  36  4:05  Probe  
  38  4:11  Phoenix (Chrono Boost)  
  38  4:14  Probe  
  41  4:17  Probe  
  41  4:21  Gateway  
  42  4:25  Probe  
  42  4:29  Probe  
  44  4:33  Phoenix (Chrono Boost)  
  46  4:42  Probe  
  46  4:43  Probe  
  48  4:51  Gateway  
  48  4:52  Probe  
  48  4:55  Probe, Phoenix (Chrono Boost)  
  48  5:10  Probe  
  48  5:11  Probe  
  50  5:16  Pylon, Phoenix (Chrono Boost)  
  50  5:20  Probe  
  52  5:23  Probe, Assimilator  
  54  5:29  Assimilator  
  54  5:31  Probe  
  55  5:38  Phoenix (Chrono Boost)  
  57  5:43  Probe  
  57  5:44  Probe, Nexus  
  59  5:51  Stargate  
  59  5:56  Probe  
  60  6:06  Void Ray (Chrono Boost)  
  61  6:21  Probe  
  61  6:23  Probe  
  63  6:27  Protoss Air Weapons Level 1  
  63  6:36  Pylon  
  63  6:38  Fleet Beacon, Pylon  
  63  6:39  Probe  
  63  6:40  Pylon  
  63  6:41  Probe  
  69  6:49  Void Ray (Chrono Boost)  
  69  6:50  Probe, Pylon  
  71  6:54  Probe  
  71  6:59  Stalker x3  
  77  7:02  Probe x2  
  77  7:06  Probe  
  80  7:12  Probe  
  81  7:19  Probe  
  81  7:21  Probe  
  83  7:23  Probe  
  83  7:25  Stalker  
  92  7:30  Stalker, Probe  
  92  7:33  Probe  
  96  7:38  Pylon  
  96  7:39  Assimilator  
  96  7:42  Robotics Facility  
  96  7:50  Probe x2  
  94  7:51  Probe  
  97  8:00  Probe, Assimilator  
  97  8:03  Probe  
  105  8:10  Forge  
  86  8:12  Oracle (Chrono Boost)  
  79  8:36  Pylon x2  
  79  8:39  Pylon  
  79  8:40  Pylon  
  78  8:51  Pylon  
  78  8:53  Oracle (Chrono Boost)  
  81  9:34  Photon Cannon  
  81  9:45  Probe  
  81  9:48  Pylon  
  82  10:08  Nexus, Robotics Facility  
  82  10:27  Photon Cannon  
  82  10:28  Probe  
  82  10:29  Probe  
  82  10:34  Pylon  
  84  10:38  Probe  
  84  10:41  Probe  
Tags
 
Add a new tag
Caveats
  • Supply blocks, unpowered buildings, or Contaminate may cause inaccurate times.
  • Supply counts are checked every 10 seconds.